 Dungeon Crawl Stone Soup version 0.27-a0-811-ga052575696 (webtiles) character file.

Game seed: 5753612889648719525

701 EnegeticOcto the Ruffian (level 7, 0/68 HPs)
             Began as a Troll Warper on Mar 29, 2021.
             Slain by a kobold
             ... wielding a +0 short sword
              (3 damage)
             ... on level 6 of the Dungeon.
             The game lasted 00:07:18 (1499 turns).

EnegeticOcto the Ruffian (Troll Warper)             Turns: 1499, Time: 00:07:19

Health: 0/68       AC:  4    Str: 19 (20) XL:     7   Next: 38%
Magic:  7/7        EV:  7    Int:  9 (11) God:
Gold:   165        SH:  7    Dex:  6 (9)  Spells: 8/8 levels left

rFire    . . .     SeeInvis .     - Unarmed
rCold    . . .     Faith    .   p - +0 kite shield
rNeg     . . .     Spirit   .   a - +0 robe
rPois    .         Reflect  .   b - +0 hat
rElec    .         Harm     .   (no cloak)
rCorr    .         Rampage  .   (gloves unavailable)
Will     .....                  (boots unavailable)
Stlth    +.........             (no amulet)
HPRegen  1.21/turn              n - ring of flight
MPRegen  0.10/turn              (no ring)

@: flying
A: large, unfitting armour, claws 3, regeneration 1, shaggy fur 1, tough skin 1
a: no special abilities


You were on level 6 of the Dungeon.
You visited 2 branches of the dungeon, and saw 7 of its levels.
You also visited: Sewer.

You collected 165 gold pieces.

Inventory:

Hand Weapons
 l - the +10 hand axe "Opapibb" {freeze, rPois Will+ Str-4}
   (You found it on level 4 of the Dungeon)

   It has been specially enchanted to freeze those struck by it, causing extra
   injury to most foes and up to half again as much damage against particularly
   susceptible opponents.
   It can also slow down cold-blooded creatures.
   It affects your strength (-4).
   It protects you from poison.
   It increases your willpower.
Missiles
 d - 4 boomerangs of dispersal (quivered)
 t - 4 boomerangs
Armour
 a - a +0 robe (worn)
 b - a +0 hat (worn)
   (You found it on level 2 of the Dungeon)
 p - a +0 kite shield (worn)
   (You found it on level 4 of the Dungeon)
Jewellery
 e - a ring of see invisible
   (You found it on level 2 of the Dungeon)
 n - a ring of flight (left claw)
   (You found it on level 4 of the Dungeon)
Scrolls
 c - 2 scrolls of blinking {@r4}
 h - a scroll of identify {@r1}
 i - a scroll of teleportation {@r3 !r}
 m - a scroll of vulnerability {unknown}
 o - 2 scrolls of noise {unknown}
 r - a scroll of enchant armour {unknown}
 s - a scroll of acquirement {unknown}
Potions
 g - 2 potions of haste {@q4 !q}
 j - 7 potions of flight
 k - a potion of berserk rage


   Skills:
 + Level 3.9 Fighting
 - Level 0.8 Throwing
 - Level 1.9 Dodging
 + Level 2.0 Shields
 * Level 6.5 Unarmed Combat
 - Level 1.2 Spellcasting
 - Level 2.1 Translocations


You had 8 spell levels left.
You didn't know any spells.
Your spell library contained the following spells:

 Spells                   Type           Power      Damage    Failure   Level
 Blink                    Tloc           N/A        N/A       69%         2
 Corona                   Hex            0%         N/A       86%         1
 Magic Dart               Conj           0%         1d3       86%         1
 Gell's Gravitas          Tloc           2%         N/A       89%         3
 Lesser Beckoning         Tloc           2%         N/A       89%         3
 Teleport Other           Tloc           4%         N/A       89%         3
 Ensorcelled Hibernation  Hex/Ice        0%         N/A       94%         2
 Searing Ray              Conj           0%         3d3       94%         2
 Confusing Touch          Hex            0%         N/A       99%         3
 Dazzling Flash           Conj/Hex       0%         N/A       99%         3
 Tukima's Dance           Hex            0%         N/A       99%         3
 Fulminant Prism          Conj/Hex       0%         3d6       100%        4
 Iskenderun's Mystic Bla  Conj/Tloc      2%         2d3       100%        4
 Manifold Assault         Tloc           4%         N/A       100%        5


Dungeon Overview and Level Annotations

Branches:
Dungeon (6/15)             Temple (1/1) D:5           Sewer (visited)

Altars:
Ashenzari
Dithmenos
Elyvilon
Fedhas
Gozag
Kikubaaqudgha
Nemelex Xobeh
Okawaru
Qazlal
Ru
Trog
Uskayaw
Vehumet
Xom
Zin
The Shining One


Innate Abilities, Weirdness & Mutations

You are too large for most types of armour.
You have claws for hands.
Your natural rate of healing is unusually fast.
You are covered in fur. (AC +1)
You have tough skin. (AC +1)


Message History

You claw the kobold!
You kill the kobold!
The kobold brigand throws a curare-tipped dart.
The curare-tipped dart hits you.
You are poisoned.
You have difficulty breathing.
You feel yourself slow down.
The kobold throws a poisoned dart.
The poisoned dart hits you!
You are more poisoned.
You feel extremely sick.
The kobold throws a poisoned dart.
You block the poisoned dart. You block the kobold's attack.
The kobold brigand closely misses you.
Things that are here:
a +0 club; a kobold corpse You scratch the kobold brigand but do no damage.
You feel very sick.
The kobold throws a poisoned dart.
The poisoned dart hits you!
You are more poisoned.
You block the kobold's attack. x2
The kobold brigand hits you with a +0 short sword!
The kobold throws a poisoned dart.
The poisoned dart closely misses you.
The poisoned dart barely misses the scorpion.
The kobold hits you but does no damage.
The kobold hits you with a +0 short sword.
The scorpion stings you.
You are too injured to fight recklessly!
You are too injured to fight recklessly!
You are too injured to fight recklessly!
You are too injured to fight recklessly!
You are too injured to fight recklessly!
You are too injured to fight recklessly!
You are too injured to fight recklessly!
You are too injured to fight recklessly!
You are too injured to fight recklessly!
You are too injured to fight recklessly!
You are too injured to fight recklessly!
You are too injured to fight recklessly!
You are too injured to fight recklessly!
You are too injured to fight recklessly!
You are too injured to fight recklessly!
You are too injured to fight recklessly!
You are too injured to fight recklessly!
You scratch the kobold brigand but do no damage.
You feel extremely sick.
The kobold brigand hits you with a +0 short sword.
The kobold throws a poisoned dart.
The poisoned dart barely misses you.
The poisoned dart hits the scorpion!
The scorpion is poisoned.
The kobold hits you with a +0 whip.
* * * LOW HITPOINT WARNING * * *
The kobold hits you but does no damage. The scorpion barely misses you.
The kobold brigand hits you with a +0 short sword.
* * * LOW HITPOINT WARNING * * *
The kobold hits you but does no damage. x2; The scorpion barely misses you.
You feel very sick. You block the kobold brigand's attack.
The scorpion stings you.
* * * LOW HITPOINT WARNING * * *
The kobold brigand barely misses you.
You feel very sick.
The kobold throws a poisoned dart.
You block the poisoned dart. The scorpion stings you.
* * * LOW HITPOINT WARNING * * *
The kobold hits you but does no damage. You block the scorpion's attack.
Really quaff
f - a potion of curing {@q1 !q}?
You feel better.
The kobold hits you with a +0 short sword.
* * * LOW HITPOINT WARNING * * *
The kobold closely misses you. The scorpion stings you.
* * * LOW HITPOINT WARNING * * *
The kobold brigand hits you with a +0 short sword.
* * * LOW HITPOINT WARNING * * *
You block the kobold's attack.
The scorpion dies!
The kobold brigand hits you but does no damage.
The kobold misses you.
The kobold hits you with a +0 short sword.
* * * LOW HITPOINT WARNING * * *
The kobold brigand hits you with a +0 short sword!
* * * LOW HITPOINT WARNING * * *
There is a stone staircase leading down, spattered with blood here.
You mangle the kobold brigand!!
The kobold brigand is almost dead.
The kobold brigand hits you with a +0 short sword.
* * * LOW HITPOINT WARNING * * *
You block the kobold brigand's attack.
Okay, then.
You scratch the kobold brigand.
The kobold brigand is almost dead.
The kobold brigand hits you with a +0 short sword.
* * * LOW HITPOINT WARNING * * *
It was a potion of degeneration.
There was something very wrong with that liquid.
You feel weakened.
You feel dopey.
You feel clumsy.
You feel yourself speed up.
The kobold brigand hits you with a +0 short sword.
* * * LOW HITPOINT WARNING * * *
You block the kobold brigand's attack.
You scratch the kobold brigand.
You kill the kobold brigand!
Your Shields skill increases to level 2!
The kobold hits you with a +0 short sword.
You die...

#.# ##...## #.#
##+## #.# #.#
##### # #.# #...
... #.#
###.###...# #.#
#..........
#.#####..)..#..
#...@KKK†).....#
#######..........
#........##
########.# #


You could see 3 kobolds.

Vanquished Creatures
  A black bear (D:5)
  A kobold brigand (D:6)
  A water moccasin zombie (D:2)
  2 scorpions
  2 hounds
  A centaur skeleton (D:5)
  A gnoll shaman (D:4)
  2 iguanas (D:5)
  An orc wizard (D:6)
  3 gnolls (D:5)
  8 adders
  A river rat (D:3)
  5 worms
  11 orcs
  6 endoplasms
  11 giant cockroaches
  3 goblins
  2 hobgoblins
  6 kobolds
  4 quokkas
  5 ball pythons
  7 bats
  4 frilled lizards
  5 rats
93 creatures vanquished.

Vanquished Creatures (others)
  A scorpion (D:6)
1 creature vanquished.

Grand Total: 94 creatures vanquished

Notes
Turn   | Place    | Note
-------+----------+-------------------------------------------
     0 | D:1      | EnegeticOcto the Troll Warper began the quest for the Orb.
     0 | D:1      | Reached XP level 1. HP: 19/19 MP: 1/1
    74 | D:2      | Reached XP level 2. HP: 28/28 MP: 2/2
    93 | D:2      | Reached skill level 2 in Fighting
   118 | D:2      | Reached skill level 3 in Unarmed Combat
   118 | D:2      | Reached XP level 3. HP: 35/35 MP: 3/3
   216 | D:2      | Reached skill level 4 in Unarmed Combat
   216 | D:2      | Reached XP level 4. HP: 35/44 MP: 4/4
   377 | D:3      | Reached XP level 5. HP: 49/50 MP: 5/5
   535 | D:3      | Found a glowing drain.
   544 | Sewer    | Entered a sewer
   845 | D:4      | Reached skill level 3 in Fighting
   845 | D:4      | Reached skill level 5 in Unarmed Combat
   861 | D:4      | Identified the +10 hand axe "Opapibb" {freeze, rPois Will+
                  | Str-4}
  1004 | D:4      | Found a blossoming altar of Fedhas.
  1004 | D:4      | Found an ancient bone altar of Kikubaaqudgha.
  1087 | D:5      | Entered Level 5 of the Dungeon
  1108 | D:5      | Reached XP level 6. HP: 17/61 MP: 6/6
  1162 | D:5      | Reached skill level 1 in Shields
  1167 | D:5      | Reached skill level 6 in Unarmed Combat
  1201 | D:5      | Reached XP level 7. HP: 51/68 MP: 7/7
  1265 | D:5      | Found a staircase to the Ecumenical Temple.
  1275 | Temple   | Entered the Ecumenical Temple
  1494 | D:6      | HP: 3/68 [kobold brigand/+0 short sword (8)]
  1497 | D:6      | HP: 1/68 [kobold brigand/+0 short sword (3)]
  1499 | D:6      | Reached skill level 2 in Shields
  1499 | D:6      | Slain by a kobold

Illustrated notes

Levels and vault maps discovered:
D:1:      nzn_arrival_depleted_hourglass, layout_loops_ring
D:2:      layout_loops_corners, minmay_mini_jars
D:3:      layout_rooms, gup_sewer_entry_bubbles
D:4:      layout_cave_pods, grunt_temple_overflow_growth_and_decay,
          nicolae_sif_muna_little_library, grunt_decor_one_mirror
D:5:      layout_rooms, minmay_temple_entry_junction_2, uniq_eustachio,
          uniq_edmund
D:6:      layout_loops_corners, uniq_maggie, uniq_sigmund
Temple:   jpeg_temple_clearing

Skill      XL: |  1  2  3  4  5  6  7 |
---------------+----------------------+-----
Fighting       | 2 3 |  3.9
Unarmed Combat | 3 4 5 6 |  6.5
Shields        | 1 2 |  2.0
Throwing       | |  0.8
Dodging        | |  1.9
Spellcasting   | |  1.2
Translocations | |  2.1

Action                   |  1- 3 |  4- 6 |  7- 9 || total
-------------------------+-------+-------+-------++-------
Melee: Unarmed           |    61 |   132 |    43 ||   236
       Punch             |       |     2 |       ||     2
       Hand axe          |       |    14 |       ||    14
Throw: Boomerang         |       |     1 |       ||     1
  Use: Scroll            |       |     4 |       ||     4
       Potion            |       |     1 |     2 ||     3
Armor: Robe              |    27 |    76 |    12 ||   115
Dodge: Dodged            |    32 |    74 |    26 ||   132
Block: Kite shield       |       |    15 |    28 ||    43

Table legend: (Time is in decaauts)
 A = Elapsed time spent in this place.
 B = Non-inter-level travel time spent in this place.
 C = Inter-level travel time spent in this place.
 D = Time resting spent in this place.
 E = Time spent auto-exploring this place.
 F = Levels seen in this place.
 G = Mean time per level.
                   A        B        C        D        E       F      G
               +--------+--------+--------+--------+--------+-----+--------+
         Total |   1583 |   1491 |     92 |      0 |      0 |   8 |  197.9 |
       Dungeon |   1263 |   1171 |     92 |      0 |      0 |   6 |  210.5 |
        Temple |     67 |     67 |      0 |      0 |      0 |   1 |   67.0 |
         Sewer |    252 |    252 |      0 |      0 |      0 |   1 |  252.0 |
               +--------+--------+--------+--------+--------+-----+--------+

Top non-repeatable levels by time:
     D:3: 327 daAuts
     D:4: 316 daAuts
   Sewer: 252 daAuts
     D:5: 231 daAuts
     D:2: 218 daAuts
     D:6: 110 daAuts
  Temple: 67 daAuts
     D:1: 58 daAuts
